 Dungeon Crawl Stone Soup version 0.31-a0-1549-g5ff9445e89 (webtiles) character file.

Game seed: 10942149222063593906

7 innerfire43 the Vexing (level 1, 0/13 HPs)
             Began as a Demonspawn Wanderer on Jan 2, 2024.
             Slain by a bat (1 damage)
             ... on level 1 of the Dungeon.
             The game lasted 00:01:38 (172 turns).

innerfire43 the Vexing (Demonspawn Wanderer)         Turns: 172, Time: 00:01:39

Health: 0/13       AC:  2    Str:  9    XL:     1   Next: 91%
Magic:  2/2        EV: 11    Int: 16    God:
Gold:   10         SH:  0    Dex: 11    Spells: 1/2 levels left

rFire   . . .        a - +0 dagger
rCold   . . .        (no shield)
rNeg    . . .        c - +0 robe
rPois   .            (no helmet)
rElec   .            (no cloak)
rCorr   .            (no gloves)
SInv    .            (no boots)
Will    .....        (no amulet)
Stlth   +            (no ring)
HPRegen 0.22/turn    (no ring)
MPRegen 0.08/turn

%: no passive effects
@: no status effects
A: no striking features
a: no special abilities


You were on level 1 of the Dungeon.
You visited 1 branch of the dungeon, and saw 1 of its levels.

You collected 10 gold pieces.

Inventory:

Hand Weapons
 a - a +0 dagger (weapon)
Armour
 c - a +0 robe (worn)
Wands
 d - a wand of flame (3) (quivered)
Scrolls
 e - a scroll of revelation {unknown}
 f - a scroll of identify {unknown}
 g - a scroll of blinking {unknown}
Potions
 b - a potion of lignification


   Skills:
 + Level 0.2 Short Blades
 + Level 1.0 Armour
 * Level 1.2 Spellcasting
 - Level 3.0 Hexes
 * Level 2.8 Fire Magic
 * Level 2.1 Evocations


You had one spell level left.
You knew the following spells:

 Your Spells              Type           Power      Damage    Failure   Level
a - Foxfire               Conj/Fire      20%        2x1d5     13%         1

Your spell library contained the following spells:

 Spells                   Type           Power      Damage    Failure   Level
 Slow                     Hex            40%        N/A       7%          1
 Confusing Touch          Hex            10%        N/A       21%         3
 Inner Flame              Hex/Fire       10%        N/A       21%         3
 Volatile Blastmotes      Fire/Tloc      10%        2d10      36%         3


Dungeon Overview and Level Annotations

Branches:
Dungeon (1/15)

Altars:


Message History

You hit the bat.
You kill the bat!
The bat barely misses you.
You miss the bat. The bat closely misses you.
You miss the bat. The bat hits you.
You are too injured to fight recklessly!
You are too injured to fight recklessly!
You are too injured to fight recklessly!
You are too injured to fight recklessly!
You hit the bat but do no damage. The bat closely misses you.
The bat misses you. The bat hits you but does no damage.
The bat closely misses you. The bat hits you.
You barely miss the bat. The bat barely misses you. x2
The bat closely misses you. The bat hits you.
You barely miss the bat. The bat closely misses you. The bat hits you.
A goblin comes into view. It is wielding a +0 club.
The bat completely misses you.
The goblin shouts!
The bat hits you but does no damage. x2
A frilled lizard comes into view.
The bat closely misses you.
You hit the bat.
The bat is heavily wounded.
The bat hits you but does no damage. The bat barely misses you.
The goblin hits you with a +0 club. The bat closely misses you.
You closely miss the bat.
The bat is heavily wounded.
The bat barely misses you. The goblin hits you with a +0 club.
* * * LOW HITPOINT WARNING * * *
The frilled lizard enters a dispersal trap!
The bat blinks!
The goblin blinks!
You blink.
The frilled lizard blinks!
A goblin comes into view. It is wielding a +0 club.
The goblin shouts!
The bat hits you but does no damage. The bat attacks as it pursues you!
The bat hits you.
You die...

....##.# .# ≈~~#g###.##.#
#~......... ≈## #~.....#
≈≈≈≈≈#~...####
≈~~≈~≈~......##
......##..g...## #...
#b......##. #####
#....##@......... .....
#................ ####
......###.....#.#########
.#... #....$#...#......
#....###.....# #........
#.$..........# ##.......
#....##.###### #.......
## #...# #..##### #...#
###....#


You could see 2 goblins and a bat.

Vanquished Creatures
  A bat (D:1)
  An endoplasm (D:1)
  A giant cockroach (D:1)
  A goblin (D:1)
  A hobgoblin (D:1)
  A kobold (D:1)
6 creatures vanquished.

Vanquished Creatures (others)
  2 foxfires (D:1)
2 creatures vanquished.

Grand Total: 8 creatures vanquished

Notes
Turn   | Place    | Note
-------+----------+-------------------------------------------
     0 | D:1      | innerfire43 the Demonspawn Wanderer began the quest for the
                  | Orb.
     0 | D:1      | innerfire43 set off with the following items: a +0 dagger,
                  | a potion of lignification, a +0 robe, a wand of flame (5);
                  | and the following spells available to memorise: Slow,
                  | Foxfire, Confusing Touch, Inner Flame, Volatile Blastmotes.
     0 | D:1      | Reached XP level 1. HP: 13/13 MP: 2/2
     2 | D:1      | Learned a level 1 spell: Foxfire
   172 | D:1      | Slain by a bat

Illustrated notes

Levels and vault maps discovered:
D:1:      saegor_arrival_simple_c, layout_rooms, minmay_crystal_water

Action                     || total
---------------------------++-------
  Melee: Dagger            ||    28
   Cast: Foxfire           ||     1
  Evoke: Wand              ||     2
 Armour: Robe              ||    29
  Dodge: Dodged            ||    35

Table legend: (Time is in decaauts)
 A = Elapsed time spent in this place.
 B = Non-inter-level travel time spent in this place.
 C = Inter-level travel time spent in this place.
 D = Time resting spent in this place.
 E = Time spent auto-exploring this place.
 F = Levels seen in this place.
 G = Mean time per level.
                   A        B        C        D        E       F      G
               +--------+--------+--------+--------+--------+-----+--------+
         Total |    171 |    171 |      0 |      0 |     59 |   1 |  171.0 |
       Dungeon |    171 |    171 |      0 |      0 |     59 |   1 |  171.0 |
               +--------+--------+--------+--------+--------+-----+--------+

Top non-repeatable levels by time:
     D:1: 171 daAuts
